 Dungeon Crawl Stone Soup version 0.20.0-4-g10b340a (webtiles) character file.

450 hittemv20vhard the Poker (level 6, -2/72 HPs)
             Began as a Demonspawn Abyssal Knight on May 27, 2017.
             Was an Initiate of Uskayaw.
             Killed from afar by a starcursed mass (10 damage)
             ... with an accursed screaming
             ... created by the touch of Lugonu
             ... on level 5 of the Dungeon.
             The game lasted 00:17:53 (5486 turns).

hittemv20vhard the Poker (DsAK)                     Turns: 5486, Time: 00:17:54

Health: -2/72      AC: 23    Str: 15    XL:     6   Next: 74%
Magic:  8/8        EV:  2    Int: 13    God:    Uskayaw [......]
Gold:   190        SH:  0    Dex: 14    Spells: 5/5 levels left

rFire    + + .     SeeInvis .   a - +1 spear
rCold    + . .     Gourm    .   (no shield)
rNeg     + + +     Faith    .   (armour currently unavailable)
rPois    +         Spirit   .   (helmet currently unavailable)
rElec    +         Reflect  .   (cloak currently unavailable)
rCorr    +         Harm     .   (gloves currently unavailable)
MR       .....     NoTele   +   (boots currently unavailable)
Stlth    ++........             d - amulet of magic regeneration
Regen    0.3/turn               F - ring of protection from fire
MPRegen  0.2/turn               (no ring)

@: tree-form, resistant
A: thin skeletal structure 1, mutation resistance 1, powered by pain 1
a: Renounce Religion


You were on level 5 of the Dungeon.
You worshipped Uskayaw.
Uskayaw was noncommittal.
You were not hungry.
You were a tree.
You visited 1 branch of the dungeon, and saw 5 of its levels.
You visited the Abyss 1 time.

You collected 190 gold pieces.

Inventory:

Hand Weapons
 a - a +1 spear (weapon)
Missiles
 g - 5 tomahawks
 v - 10 poisoned needles
 Q - 91 stones (quivered)
Armour
 e - a +0 cloak (melded)
 k - a +0 plate armour (melded)
 u - a +0 pair of gloves (melded)
Jewellery
 d - an amulet of magic regeneration (around neck)
 F - a ring of protection from fire (left branch)
Wands
 i - a wand of random effects (21/48)
Scrolls
 b - a scroll of enchant weapon {unknown}
 h - a scroll of random uselessness {unknown}
 j - a scroll of recharging {unknown}
 n - a scroll of blinking {unknown}
 q - a scroll of magic mapping {!r}
 r - a scroll of enchant armour {unknown}
 s - a scroll of remove curse
 t - a scroll of teleportation
Potions
 f - a potion of flight
Comestibles
 c - 6 bread rations


   Skills:
 - Level 4.0 Fighting
 * Level 5.9 Polearms
 - Level 1.7 Armour
 - Level 0.8 Dodging
 + Level 3.5 Invocations


You had 5 spell levels left.
You didn't know any spells.

Dungeon Overview and Level Annotations

Branches:
Dungeon (5/15)             Temple (0/1) D:5

Altars:
Dithmenos
Fedhas
Uskayaw

Annotations:
D:2 Robin, Sigmund
D:5 exclusion: upstairs


Innate Abilities, Weirdness & Mutations

((You have a pair of small antennae on your head.))
You have a somewhat thin skeletal structure. (Dex +2, Stealth)
You sometimes gain a little power by taking damage.
((Armour fits poorly on your strangely shaped body.))
You are somewhat resistant to further mutation.


Message History

The starcursed mass engulfs you but does no damage.
A starcursed mass splits.
The starcursed mass engulfs you but does no damage.
You can move again.
You take 24 damage, and have 8/72 hp.
MASSIVE DAMAGE!!
Okay, then.
You cannot teleport because you are held in place by your roots.
Attack whom?
Aim: a starcursed mass (durably summoned)
Okay, then.
Unknown command.
There are monsters nearby!
You hit the starcursed mass but do no damage.
The starcursed mass completely misses you.
The starcursed mass engulfs you but does no damage.
You hit the starcursed mass but do no damage.
The starcursed mass engulfs you but does no damage.
A deafening chorus of shrieks assaults your mind!
You die...

.... #.((.........#....#
....
#(...........#....#########
.....
#..((........#....'........
#............#....#########
#............#.##.#
............#.##.####
............'......>######
............#.#.#.##......
#########♣#.....#.##.#####
#...XXXX........#.# #
.......X.........#.# #
##...............#.# #
#...>...........+.# #
#...............#######
########..##...........
##..#..#.####### #..##.#..#


You could see 5 starcursed masses.

Vault maps used:
D:1:      minmay_arrival_wavy_path, nrook_uturn, minmay_tripent
D:2:      first_bread, uniq_robin, uniq_terence, uniq_sigmund
D:3:      hex_tiny, kennysheep_crisscross
D:4:      gammafunk_temple_overflow_forgotten, roderic_cross_of_infinity,
          minivault_23
D:5:      minmay_temple_entry_hall, serial_shops, shop, uniq_blork_the_orc

Notes
Turn   | Place    | Note
-------+----------+-------------------------------------------
     0 | Abyss:1  | hittemv20vhard the Demonspawn Abyssal Knight began the quest for the Orb.
     0 | Abyss:1  | Reached XP level 1. HP: 18/18 MP: 2/2
     0 | Abyss:1  | Upgraded the game from 0.20.0-1-g1cb1d84 to 0.20.0-4-g10b340a
    23 | D:1      | Escaped the Abyss
   139 | D:1      | Reached skill level 2 in Polearms
   333 | D:1      | Gained mutation: You sometimes gain a little power by taking damage. [demonic ancestry]
   333 | D:1      | Reached XP level 2. HP: 23/24 MP: 3/3
   426 | D:1      | Identified a +0 plate armour (You found it on level 1 of the Dungeon)
   657 | D:2      | Identified 2 scrolls of identify
   657 | D:2      | Identified a potion of lignification
   802 | D:2      | Reached skill level 3 in Polearms
   802 | D:2      | Gained mutation: You have a somewhat thin skeletal structure. (Dex +2, Stealth) [demonic ancestry]
   802 | D:2      | Reached XP level 3. HP: 18/29 MP: 4/4
  1173 | D:2      | Noticed Robin
  1179 | D:2      | Reached ** piety under Lugonu
  1604 | D:2      | Identified a potion of flight
  1643 | D:2      | Gained mutation: You have a pair of small antennae on your head. [demonic ancestry]
  1643 | D:2      | Reached XP level 4. HP: 27/35 MP: 5/5
  2092 | D:2      | Noticed Terence
  2108 | D:2      | Killed Terence
  2108 | D:2      | Reached skill level 4 in Polearms
  2198 | D:2      | Noticed Sigmund
  2199 | D:2      | Identified a potion of mutation
  2199 | D:2      | Gained mutation: Armour fits poorly on your strangely shaped body. [potion of mutation]
  2199 | D:2      | Gained mutation: You are somewhat resistant to further mutation. [potion of mutation]
  2200 | D:2      | Identified a potion of might
  2201 | D:2      | Identified a potion of curing
  2476 | D:3      | Identified 2 scrolls of magic mapping
  2674 | D:3      | Reached skill level 4 in Fighting
  2674 | D:3      | Reached XP level 5. HP: 36/42 MP: 6/6
  3399 | D:3      | Identified 2 scrolls of teleportation
  3404 | D:3      | Identified 2 scrolls of amnesia
  3965 | D:4      | Identified a scroll of remove curse
  3966 | D:4      | Identified an amulet of magic regeneration (You found it on level 3 of the Dungeon)
  3967 | D:4      | Identified a ring of protection from fire (You found it on level 1 of the Dungeon)
  3979 | D:4      | Identified a +0 cloak (You found it on level 4 of the Dungeon)
  4070 | D:4      | Reached skill level 5 in Polearms
  4122 | D:4      | Found a shadowy altar of Dithmenos.
  4127 | D:4      | Found a hide-covered altar of Uskayaw.
  4127 | D:4      | Found a blossoming altar of Fedhas.
  4334 | D:4      | Noticed an ogre
  4638 | D:4      | Identified a +0 pair of gloves (You found it on level 4 of the Dungeon)
  4663 | D:4      | Reached XP level 6. HP: 47/48 MP: 7/7
  4809 | D:4      | Fell from the grace of Lugonu
  4809 | D:4      | Became a worshipper of Uskayaw the Reveler
  4859 | D:5      | Entered Level 5 of the Dungeon
  4887 | D:5      | Reached * piety under Uskayaw
  4961 | D:5      | Found a staircase to the Ecumenical Temple.
  5009 | D:5      | Noticed a sky beast
  5064 | D:5      | HP: 7/48 [sky beast (6)]
  5065 | D:5      | Killed a sky beast
  5065 | D:5      | Reached skill level 3 in Invocations
  5468 | D:5      | Noticed a starcursed mass
  5474 | D:5      | Identified a potion of resistance
  5475 | D:5      | Identified a potion of heal wounds
  5483 | D:5      | HP: 18/72 [starcursed mass/accursed screaming[the touch of Lugonu] (8)]
  5483 | D:5      | Paralysed by accursed screaming for 1 turns
  5484 | D:5      | HP: 8/72 [starcursed mass/accursed screaming[the touch of Lugonu] (10)]
  5486 | D:5      | Killed from afar by a starcursed mass

Table legend:
 A = Turns spent in this place as a percentage of turns spent in the entire game.
 B = Non-inter-level travel turns spent in this place as a percentage of non-inter-level travel turns spent in the entire game.
 C = Inter-level travel turns spent in this place as a percentage of turns spent in this place.
 D = Turns resting spent in this place as a percentage of non-inter-level travel turns spent in this place.
 E = Turns spent auto-exploring this place as a percentage of non-inter-level travel turns spent in this place.
 F = Non-inter-level travel turns spent in this place divided by the number of levels of this place that you've seen.
                   A       B       C       D       E      F
               +-------+-------+-------+-------+-------+----------------------
         Total | 100.0 | 100.0 |   0.7 |   1.2 |   9.1 | 230.5
       Dungeon |  98.6 |  98.6 |   0.7 |   1.2 |   9.1 | 272.8
         Abyss |   1.4 |   1.4 |   0.0 |   0.0 |  10.5 |  19.0
               +-------+-------+-------+-------+-------+----------------------

Table legend:
 A = Kills in this place as a percentage of kills in entire the game.
 B = Kills by you in this place as a percentage of kills by you in the entire game.
 C = Kills by friends in this place as a percentage of kills by friends in the entire game.
 D = Other kills in this place as a percentage of other kills in the entire game.
 E = Experience gained in this place as a percentage of experience gained in the entire game.
 F = Experience gained in this place divided by the number of levels of this place that you have seen.
                   A       B       C       D       E      F
               +-------+-------+-------+-------+-------+----------------------
         Total | 100.0 | 100.0 |  -nan |  -nan | 100.0 | 107.3
       Dungeon | 100.0 | 100.0 |  -nan |  -nan | 100.0 | 128.8
               +-------+-------+-------+-------+-------+----------------------

Skill      XL: |  1  2  3  4  5  6 |
---------------+-------------------+-----
Polearms       | 2 3 4 5 |  5.9
Fighting       | 4 |  4.0
Invocations    | 3 |  3.5
Armour         | |  1.7
Dodging        | |  0.8

Action                   |  1- 3 |  4- 6 || total
-------------------------+-------+-------++-------
Melee: Spear             |   126 |   321 ||   447
Throw: Stone             |    18 |    34 ||    52
Invok: Stomp             |       |     6 ||     6
  Use: Scroll            |     2 |     4 ||     6
       Potion            |       |     7 ||     7
  Eat: Chunk             |     2 |    11 ||    13
       Meat ration       |       |     1 ||     1
Armor: Leather armour    |    12 |       ||    12
       Plate armour      |    58 |   121 ||   179
       Skin              |       |    24 ||    24
Dodge: Dodged            |    27 |    54 ||    81

Vanquished Creatures
  A phantom (D:5)
  A sky beast (D:5)
  Terence (D:2)
  A worker ant (D:3)
  2 hound skeletons (D:4)
  12 adders
  An ooze (D:2)
  3 worms
  2 dart slugs (D:2)
  2 leopard geckos (D:4)
  3 orcs (D:3)
  10 bats
  3 giant cockroaches
  5 hobgoblins
  6 jackals
  8 kobolds
  A quokka (D:3)
  8 frilled lizards
  7 goblins
  A leopard gecko skeleton (D:4)
  6 rats
84 creatures vanquished.
